zoologist, lawful female human Archeologist ---------- ------- |...<....| |.....| ------- |.........# ###-.....| ###########-.....| |.......%| ##|.....| ######## |...(..# |......... #####--.---- #------------ ..{...|# |*.......| # ### ##-..........| |.....|# |........| ### # ##|..........| -------# --------|- # # ####|..........| # # ### # # # ------------ @ # # # #[# M # ### ### # # # # # ######## # ### # --------#` ### # # |.......# # ---.------# |......| # |.........# .......| #-. |........| # -------- ... |.........######### .... ---------- ----- zoologist the Field Worker Experience level: 3 Strength: 16 Dexterity: 12 Constitution: 13 Intelligence: 12 Wisdom: 17 Charisma: 8 Health: 0(31) Energy: 15(15) Def: 2 Gold: 543 Moves: 2721 Dungeon seed: jUqwZI75L9BpAhGV Game ID: zoologist_1526191871 Your Inventory: Coins $ - 543 gold pieces Amulets o - a blessed amulet of magical breathing Weapons a - a +2 bullwhip z - 6 +0 arrows A - a +0 bow E - 5 +0 ya J - a +0 dagger Armor e - an uncursed +0 leather jacket (being worn) n - an uncursed +0 fedora (being worn) r - an uncursed +0 elven cloak (being worn) y - an uncursed +0 pair of iron shoes Comestibles b - 2 uncursed food rations I - an uncursed candy bar Scrolls D - an uncursed scroll of enchant armor H - an uncursed scroll of identify Potions F - an uncursed potion of gain level Tools c - a rusty +0 pick-axe (weapon in hand) d - a tinning kit (0:64) f - an uncursed sack g - a magic marker (0:77) x - an uncursed blindfold B - 7 uncursed partly used tallow candles (0:32) C - an uncursed mirror Gems q - an uncursed touchstone N - an uncursed worthless piece of violet glass (in quiver) Spells and supernatural/magical abilities: Name Level Category Fail Memory W - pray for help -- divine ? -- Your skills at the end: Fighting Skills Weapon Skills pick-axe [Basic] whip [Basic] Spellcasting Skills Final Attributes: You were piously aligned. You were stealthy. You were fast. You are dead. Vanquished creatures: 3 leprechauns 2 gnome lords a kitten 2 dwarves an orc zombie a werejackal 3 acid blobs a gas spore 3 giant rats 2 yellow molds a red mold 7 gnomes a gecko 14 jackals a goblin 2 sewer rats 6 grid bugs a bat 6 lichens a newt 59 creatures vanquished. Voluntary challenges: You had followed a strict vegan diet until turn 2062. You had followed a strict vegetarian diet until turn 2062. You had been an atheist until turn 2078. You used a wielded weapon 35 times, starting on turn 191. You were illiterate. You never genocided any monsters. You never polymorphed an object. You never changed form. You used no wishes. You never split a pudding. You never wrote Elbereth's name. You never violated your personal moral code. Dungeon overview: The Dungeons of Doom: levels 1 to 6 Level 1 a long staircase Level 2 Level 3 some fountains Level 4 a wand shop, a fountain stairs to The Gnomish Mines Level 5 a fountain Level 6 <- You were here a fountain The Gnomish Mines: Level 5 stairs to The Dungeons of Doom History has recorded: On T:1 you entered the Dungeons of Doom to retrieve the Amulet of Yendor! On T:311 you reached level 2 of The Dungeons of Doom. On T:845 you reached level 3 of The Dungeons of Doom. On T:1438 you reached level 4 of The Dungeons of Doom. On T:1807 you reached level 1 of The Gnomish Mines. On T:1830 you advanced to experience level 2. On T:2016 you advanced to experience level 3. On T:2133 you reached level 5 of The Dungeons of Doom. On T:2439 you reached level 6 of The Dungeons of Doom. Score breakdown: Gold: 543 ( 9305 points) Experience: 3 levels ( 7878 points) Exploration: 6 levels ( 11.54%) ( 9393 points) Discoveries: 4 items ( 1.34%) ( 3475 points) Valuables value: (no points given unless you survive) Artifact value: 0 ( 0 points) Variety of kills: 20 monsters ( 5.25%) ( 6873 points) Turncount: 2721 turns ( -455 points) Survival: died (score multiplied by 80%) Total score: 29175 Latest messages: The leprechaun hits! You miss the leprechaun. The leprechaun hits! You hit the leprechaun. The leprechaun hits! You hit the leprechaun! The leprechaun hits! You displace azog. The leprechaun hits! You displace azog. You hear some noises. You displace azog. You see here 593 gold pieces. $ - 593 gold pieces. You hit wizbiz. Wizbiz hits! (2x) You displace azog. You hear some noises. You hear some noises in the distance. You miss wildly and stumble forwards. The leprechaun hits! Your purse feels lighter. You displace azog. Wizbiz hits! You die... Your body rises from the dead as a human mummy... Final status: Goodbye zoologist the Archeologist, killed by a human mummy called "wizbiz"... You died in The Dungeons of Doom on dungeon level 6 with 29175 points, and 543 pieces of gold, after 2721 moves. You were level 3 with a maximum of 31 hit points when you died.